 Dungeon Crawl Stone Soup version 0.30-a0-1160-g6e42c06551 (webtiles) character file.

Game seed: 13858830841436281204

47074 retardedninja the Thaumaturge (level 14, -8/108 HPs)
             Began as a Gnoll Fire Elementalist on Apr 25, 2023.
             Was the Champion of Cheibriados.
             Killed from afar by an oklob plant (23 damage)
             ... with a splash of acid
             ... on level 5 of the Lair of Beasts.
             The game lasted 00:47:48 (31228 turns).

retardedninja the Thaumaturge (GnFE)               Turns: 31228, Time: 00:47:55

Health: -8/108     AC: 16    Str: 22    XL:     14   Next: 40%
Magic:  24/28      EV: 22    Int: 38    God:    Cheibriados [******]
Gold:   1058       SH:  5    Dex: 27    Spells: 24/34 levels left

rFire   . . .        A - +0 great mace (heavy)
rCold   + . .        (shield currently unavailable)
rNeg    . . .        l - +1 troll leather armour
rPois   .            J - +2 helmet
rElec   .            w - +0 cloak {Stlth+}
rCorr   .            H - +2 pair of gloves
SInv    .            G - +2 pair of boots
Will    +....        c - amulet of reflection
Stlth   ++++++       e - ring of wizardry
HPRegen 1.18/turn    v - +4 ring of protection
MPRegen 0.21/turn

%: reflection, wizardry (x1)
@: corroded, studying Air Magic, invisible (expiring), very slow
A: fangs 1, strong nose, distributed training, iridescent scales 1, clever 1,
cold resistance 1, MP-powered wands
a: Renounce Religion, Bend Time, Temporal Distortion, Slouch, Step From Time


You were on level 5 of the Lair of Beasts.
You worshipped Cheibriados.
Cheibriados was exalted by your worship.
You visited 3 branches of the dungeon, and saw 18 of its levels.
You also visited: Sewer.

You collected 1058 gold pieces.

Inventory:

Hand Weapons
 A - a +0 heavy great mace (weapon)
Armour
 l - a +1 troll leather armour (worn)
 w - a +0 cloak of stealth (worn)
 G - a +2 pair of boots (worn)
 H - a +2 pair of gloves (worn)
 J - a +2 helmet (worn)
 K - +0 fire dragon scales
Jewellery
 c - an amulet of reflection (around neck)
 e - a ring of wizardry (left hand)
 k - a ring of protection from fire
 v - a +4 ring of protection (right hand)
 M - a ring of see invisible
 O - a ring of willpower
Wands
 i - a wand of polymorph (2)
 s - a wand of charming (11)
Scrolls
 b - a scroll of summoning {unknown}
 d - 4 scrolls of poison
 n - 2 scrolls of magic mapping
 o - 6 scrolls of amnesia
 p - a scroll of fear
 x - 2 scrolls of fog
 y - a scroll of teleportation
 C - 2 scrolls of identify
 F - a scroll of enchant armour
 L - a scroll of silence
Potions
 a - a potion of berserk rage
 f - 2 potions of mutation
 h - a potion of attraction
 j - a potion of degeneration
 m - 2 potions of curing
 q - 3 potions of cancellation
 r - 2 potions of flight
 t - 3 potions of brilliance
 z - 3 potions of ambrosia
 B - 4 potions of lignification
 D - 2 potions of might
 N - a potion of invisibility
Miscellaneous
 g - a condenser vane (inert)
 E - a phial of floods
 I - a piece from Xom's chessboard (15/15)


   Skills:
 + Level 9.5 Fighting
 + Level 9.5 Short Blades
 + Level 9.5 Long Blades
 + Level 9.5 Axes
 + Level 9.5 Maces & Flails
 + Level 9.5 Polearms
 + Level 9.5 Staves
 + Level 9.5 Ranged Weapons
 + Level 9.5 Throwing
 + Level 9.5 Armour
 + Level 10.6 Dodging
 + Level 10.4 Stealth
 + Level 9.5 Shields
 + Level 9.5 Unarmed Combat
 + Level 10.8 Spellcasting
 + Level 8.3 Conjurations
 + Level 7.9 Hexes
 + Level 7.9 Summonings
 + Level 7.9 Necromancy
 + Level 7.9 Translocations
 + Level 7.9 Transmutations
 + Level 9.7 Fire Magic
 + Level 7.9 Ice Magic
 + Level 10.5 Air Magic
 + Level 7.9 Earth Magic
 + Level 7.9 Poison Magic
 + Level 10.4 Invocations
 + Level 9.5 Evocations


You had 24 spell levels left.
You knew the following spells:

 Your Spells              Type           Power      Damage    Failure   Level
a - Foxfire               Conj/Fire      100%       2x1d9     1%          1
b - Scorch                Fire           100%       2d9       1%          2
c - Flame Wave            Conj/Fire      73%        2d16      1%          4
d - Inner Flame           Hex/Fire       73%        N/A       1%          3

Your spell library contained the following spells:

 Spells                   Type           Power      Damage    Failure   Level
 Sting                    Tmut/Pois      100%       1d8       1%          1
 Ensorcelled Hibernation  Hex/Ice        100%       N/A       1%          2
 Poisonous Vapours        Pois/Air       100%       N/A       1%          2
 Dazzling Flash           Conj/Hex       100%       N/A       1%          3
 Ozocubu's Armour         Ice            69%        N/A       1%          3
 Spider Form              Tmut/Pois      69%        N/A       1%          3
 Volatile Blastmotes      Fire/Tloc      100%       2d18      1%          3
 Anguish                  Hex/Necr       34%        N/A       1%          4
 Olgreb's Toxic Radiance  Pois           69%        N/A       1%          4
 Agony                    Necr           69%        N/A       1%          5
 Alistair's Intoxication  Tmut/Pois      46%        N/A       1%          5
 Borgnjor's Vile Clutch   Necr/Erth      34%        N/A       1%          5
 Silence                  Hex/Air        37%        N/A       1%          5
 Eringya's Noxious Bog    Tmut/Pois      34%        N/A       4%          6
 Ozocubu's Refrigeration  Ice            34%        4d15      26%         7


Dungeon Overview and Level Annotations

Branches:
Dungeon (12/15)            Temple (1/1) D:7            Lair (5/5) D:9
  Swamp (0/4) Lair:2       Spider (0/4) Lair:2        Slime (0/5) Lair:5
    Orc (0/2) D:10          Sewer (visited)

Altars:
Ashenzari
Cheibriados
Dithmenos
Elyvilon
Fedhas
Gozag
Hepliaklqana
Kikubaaqudgha
Makhleb
Nemelex Xobeh
Okawaru
Qazlal
Ru
Sif Muna
Trog
Uskayaw
Vehumet
Wu Jian
Xom
Yredelemnul
Zin
The Shining One

Shops:
D:1 ?

Annotations:
D:8 1 runed translucent door, NeonRainbow's ghost, novice NaIE
D:12 Nergalle
Lair:3 3 runed translucent doors, Veicad's ghost, journeyman OgCA
Lair:4 2 runed translucent doors, Irudwodgh's ghost, journeyman DsCj
Lair:5 1 runed translucent door, exclusion: oklob plant


Innate Abilities, Weirdness & Mutations

You have very sharp teeth.
Your uncanny sense of smell can sniff out nearby items.
Your experience applies equally to all skills.
You are partially covered in iridescent scales. (AC +2)
Your mind is acute. (Int +4, Str/Dex -1)
Your flesh is cold resistant. (rC+)
You expend magic power (3 MP) to strengthen your wands.


Message History

The oklob plant is engulfed in blazing flames. x2
The oklob plant spits acid at you.
The splash of acid hits the oklob plant.
The oklob plant completely resists.
Unknown command.
You are engulfed in a cloud of scalding steam.
The bush is engulfed in blazing flames.
You destroy the bush!
The bush is engulfed in blazing flames. x2
The oklob plant is engulfed in blazing flames.
The oklob plant spits acid at you. The splash of acid hits you!
* * * LOW HITPOINT WARNING * * *
The oklob plant spits acid at you.
The splash of acid hits the oklob plant.
The oklob plant completely resists.
The oklob plant is engulfed in blazing flames.
The oklob plant spits acid at you. The splash of acid misses you.
The oklob plant is engulfed in blazing flames. x2
You destroy the oklob plant!
Cheibriados thoroughly appreciates the change of pace.
The oklob plant is engulfed in blazing flames.
You destroy the oklob plant!
Cheibriados appreciates the change of pace.
Unknown command.
You are engulfed in a cloud of scalding steam.
You feel better.
You flicker for a moment.
The bush is engulfed in blazing flames. x2
You destroy the bush!
The oklob plant is engulfed in a cloud of scalding steam.
Unknown command.
The bush is engulfed in blazing flames.
The oklob plant spits acid at something.
The splash of acid hits you!
* * * LOW HITPOINT WARNING * * *
The oklob plant spits acid at something.
The splash of acid hits you!!
You die...

....#.#....###..........#
.....!......#P..........#
........................#
....~~~~~...............##
.....~~.§§~~...............#
###...(~~P~.§§~~...............
∆.......~~P~§☼P~~?..............
........~~~§~§~................
.........~~~~~@................
#.#P..............P#.#.....##. ##
#..................P.....###P.
.###.##..#P.#..#....P....P..###.P
.##......##.......#.....P.....###
.......................P.........
.......................P.........
.#..#......#........#........##..
..####..P#####..########...#.###.


You could see an oklob plant (unable to see you).

Vanquished Creatures
  A spark wasp (Lair:5)
  Snorg (Lair:4)
  A fire dragon (Lair:5)
  2 catoblepae (D:10)
  4 hydras
  3 two-headed ogres
  A skyshark (Lair:5)
  A goliath frog (Lair:4)
  3 lindwurms (Lair:5)
  A swamp dragon (Lair:5)
  Pikel (D:4)
  2 ugly things
  A manticore (Lair:2)
  4 oklob plants (Lair:5)
  5 black mambas
  A gargoyle (D:7)
  16 elephants
  6 cane toads
  Psyche (D:11)
  4 torpor snails (Lair:5)
  4 rime drakes (Lair:5)
  7 komodo dragons
  10 blink frogs (Lair:2)
  3 trolls
  A polar bear (Lair:4)
  A queen bee (Lair:2)
  3 tyrant leeches (Lair:5)
  6 hornets (Lair:5)
  Prince Ribbit (D:6)
  A shadow (D:10)
  15 yaks
  5 wraiths
  4 wyverns
  Eustachio (D:4)
  Grum (D:8)
  6 steam dragons
  3 basilisks
  4 vampire mosquitoes (D:12)
  A warg (D:8)
  An acid dragon (D:10)
  15 water moccasins
  4 orc warriors
  2 black bears
  2 swamp drakes (Lair:5)
  6 centaurs
  3 ogres (D:8)
  8 wolves
  3 lemures
  7 kobold brigands
  13 bullfrogs
  4 gnoll sergeants
  2 scorpions
  A wight (D:7)
  36 killer bees
  2 electric eels (D:9)
  A vampire bat (Lair:4)
  10 howler monkeys
  7 orc priests
  16 hounds
  Ijyb (D:3)
  Jessica (D:3)
  2 gnoll boudas
  9 iguanas
  16 orc wizards
  9 hell rats (Lair:4)
  24 gnolls
  3 river rats
  4 adders
  2 shadow imps
  A white imp (D:7)
  2 ufetubi
  3 worms
  A dart slug (D:2)
  19 orcs
  6 endoplasms
  6 giant cockroaches
  6 goblins
  6 hobgoblins
  10 jackals
  2 quokkas (D:4)
  7 ball pythons
  15 bats
  2 frilled lizards
  15 kobolds
  10 rats
  A spectral goblin (D:10)
  4 bushes (Lair:5)
  A foxfire (Lair:5)
467 creatures vanquished.

Vanquished Creatures (collateral kills)
  An oklob plant (Lair:5)
  2 yaks (D:8)
  22 foxfires
25 creatures vanquished.

Vanquished Creatures (others)
  A yak (D:8)
  A kobold brigand (D:8)
  1667 foxfires
  55 fungi
  90 plants
1814 creatures vanquished.

Grand Total: 2306 creatures vanquished

Notes
Turn   | Place    | Note
-------+----------+-------------------------------------------
     0 | D:1      | retardedninja the Gnoll Fire Elementalist began the quest
                  | for the Orb.
     0 | D:1      | Reached XP level 1. HP: 13/13 MP: 6/6
   363 | D:1      | Found Qiucrob's Magic Scroll Boutique.
   386 | D:1      | Reached XP level 2. HP: 19/19 MP: 5/7
   734 | D:1      | Learned a level 2 spell: Scorch
  1055 | D:2      | Found a white marble altar of Elyvilon.
  1087 | D:2      | Reached skill level 5 in Spellcasting
  1087 | D:2      | Reached XP level 3. HP: 25/25 MP: 1/9
  1486 | D:2      | Reached skill level 1 in Invocations
  1634 | D:2      | Reached skill level 1 in Fighting
  1634 | D:2      | Reached skill level 1 in Short Blades
  1634 | D:2      | Reached skill level 1 in Long Blades
  1634 | D:2      | Reached skill level 1 in Axes
  1634 | D:2      | Reached skill level 1 in Maces & Flails
  1634 | D:2      | Reached skill level 1 in Polearms
  1634 | D:2      | Reached skill level 1 in Staves
  1634 | D:2      | Reached skill level 1 in Ranged Weapons
  1634 | D:2      | Reached skill level 1 in Throwing
  1634 | D:2      | Reached skill level 1 in Armour
  1634 | D:2      | Reached skill level 1 in Shields
  1634 | D:2      | Reached skill level 1 in Unarmed Combat
  1634 | D:2      | Reached skill level 1 in Evocations
  1804 | D:2      | Reached XP level 4. HP: 32/32 MP: 3/11
  2224 | D:2      | Found a faded altar of an unknown god.
  2351 | D:3      | Reached skill level 1 in Hexes
  2351 | D:3      | Reached skill level 1 in Summonings
  2351 | D:3      | Reached skill level 1 in Necromancy
  2351 | D:3      | Reached skill level 1 in Translocations
  2351 | D:3      | Reached skill level 1 in Transmutations
  2351 | D:3      | Reached skill level 1 in Ice Magic
  2351 | D:3      | Reached skill level 1 in Air Magic
  2351 | D:3      | Reached skill level 1 in Earth Magic
  2351 | D:3      | Reached skill level 1 in Poison Magic
  2453 | D:3      | Reached XP level 5. HP: 32/37 MP: 7/12
  2509 | D:3      | Noticed Jessica
  2511 | D:3      | Killed Jessica
  2791 | D:3      | Found a glowing drain.
  2800 | Sewer    | Entered a sewer
  2810 | Sewer    | Gained mutation: You have hidden genetic potential. [potion
                  | of mutation]
  2810 | Sewer    | Gained mutation: You are partially covered in iridescent
                  | scales. (AC +2) [potion of mutation]
  3184 | Sewer    | Noticed a kobold brigand
  3189 | Sewer    | Noticed a kobold brigand
  3191 | Sewer    | Killed a kobold brigand
  3192 | Sewer    | Reached skill level 5 in Dodging
  3192 | Sewer    | Reached XP level 6. HP: 44/44 MP: 7/14
  3207 | Sewer    | Gained mutation: You have great hidden genetic potential.
                  | [hidden potential]
  3312 | Sewer    | Found a white marble altar of Elyvilon.
  3552 | D:3      | Noticed Ijyb
  3565 | D:3      | Killed Ijyb
  4041 | D:4      | Noticed Eustachio
  4068 | D:4      | Killed Eustachio
  4069 | D:4      | Reached XP level 7. HP: 16/51 MP: 4/15
  4664 | D:4      | Found a sacrificial altar of Ru.
  5427 | D:4      | Noticed Pikel
  5464 | D:4      | Killed Pikel
  5465 | D:4      | Reached skill level 5 in Stealth
  5465 | D:4      | Reached XP level 8. HP: 45/58 MP: 3/16
  5465 | D:4      | Gained mutation: Your flesh is cold resistant. (rC+)
                  | [hidden potential]
  5465 | D:4      | Lost mutation: You have great hidden genetic potential.
                  | [hidden potential expressed]
  5939 | D:5      | Entered Level 5 of the Dungeon
  7574 | D:6      | Reached XP level 9. HP: 65/65 MP: 9/18
  7807 | D:6      | Gained mutation: Your mind is acute. (Int +4, Str/Dex -1)
                  | [hidden potential]
  7836 | D:6      | Noticed Prince Ribbit
  7845 | D:6      | Killed Prince Ribbit
  7881 | D:6      | Identified the +3 dagger of Offence {elec, SInv}
  8155 | D:6      | Found a sparkling altar of Nemelex Xobeh.
  8484 | D:7      | Noticed a gargoyle
  8778 | D:7      | Noticed a cyan ugly thing
  8807 | D:7      | Killed a cyan ugly thing
  8808 | D:7      | Reached skill level 5 in Invocations
  9280 | D:7      | Learned a level 4 spell: Flame Wave
  9284 | D:7      | Learned a level 3 spell: Inner Flame
  9338 | D:7      | Killed a gargoyle
  9505 | D:7      | Reached skill level 5 in Fighting
  9505 | D:7      | Reached skill level 5 in Short Blades
  9505 | D:7      | Reached skill level 5 in Long Blades
  9505 | D:7      | Reached skill level 5 in Axes
  9505 | D:7      | Reached skill level 5 in Maces & Flails
  9505 | D:7      | Reached skill level 5 in Polearms
  9505 | D:7      | Reached skill level 5 in Staves
  9505 | D:7      | Reached skill level 5 in Ranged Weapons
  9505 | D:7      | Reached skill level 5 in Throwing
  9505 | D:7      | Reached skill level 5 in Armour
  9505 | D:7      | Reached skill level 5 in Shields
  9505 | D:7      | Reached skill level 5 in Unarmed Combat
  9505 | D:7      | Reached skill level 5 in Evocations
  9505 | D:7      | Reached XP level 10. HP: 74/74 MP: 12/20
  9670 | D:7      | Found a burning altar of Makhleb.
  9800 | D:7      | Found a staircase to the Ecumenical Temple.
  9918 | Temple   | Entered the Ecumenical Temple
 10115 | Temple   | Became a worshipper of Cheibriados the Contemplative
 10235 | D:7      | Gained mutation: You expend magic power (3 MP) to
                  | strengthen your wands. [hidden potential]
 10235 | D:7      | Lost mutation: You have hidden genetic potential. [hidden
                  | potential expressed]
 11060 | D:8      | Reached skill level 5 in Conjurations
 11229 | D:8      | Reached skill level 5 in Air Magic
 11496 | D:8      | Noticed Grum
 11498 | D:8      | Reached * piety under Cheibriados
 11504 | D:8      | Noticed a two-headed ogre
 11512 | D:8      | Killed a two-headed ogre
 11512 | D:8      | Killed Grum
 12014 | D:8      | Reached skill level 5 in Hexes
 12014 | D:8      | Reached skill level 5 in Summonings
 12014 | D:8      | Reached skill level 5 in Necromancy
 12014 | D:8      | Reached skill level 5 in Translocations
 12014 | D:8      | Reached skill level 5 in Transmutations
 12014 | D:8      | Reached skill level 5 in Ice Magic
 12014 | D:8      | Reached skill level 5 in Earth Magic
 12014 | D:8      | Reached skill level 5 in Poison Magic
 12021 | D:8      | Reached XP level 11. HP: 79/81 MP: 16/22
 12563 | D:8      | Reached ** piety under Cheibriados
 12736 | D:8      | Found a runed translucent door.
 12740 | D:8      | Noticed NeonRainbow's ghost (novice NaIE)
 13515 | D:9      | Found a bloodstained altar of Trog.
 13815 | D:9      | Reached *** piety under Cheibriados
 15054 | D:9      | Found a staircase to the Lair.
 15575 | D:9      | Found a shimmering blue altar of Sif Muna.
 15703 | D:10     | Entered Level 10 of the Dungeon
 16071 | D:10     | Noticed a two-headed ogre
 16075 | D:10     | Killed a two-headed ogre
 16198 | D:10     | Found a staircase to the Orcish Mines.
 16250 | D:10     | Found a hazy altar of Hepliaklqana.
 16306 | D:10     | Noticed a catoblepas
 16328 | D:10     | Reached **** piety under Cheibriados
 16343 | D:10     | Noticed a catoblepas
 16347 | D:10     | Killed a catoblepas
 16541 | D:10     | HP: 3/83 [catoblepas (24)]
 16548 | D:10     | Killed a catoblepas
 17618 | D:11     | Noticed Psyche
 17650 | D:11     | Killed Psyche
 18015 | D:11     | Reached XP level 12. HP: 82/91 MP: 14/24
 18915 | D:12     | Noticed a two-headed ogre
 18926 | D:12     | Killed a two-headed ogre
 19224 | D:12     | Reached ***** piety under Cheibriados
 19695 | D:12     | Noticed Nergalle
 19799 | Lair:1   | Entered Level 1 of the Lair of Beasts
 21712 | Lair:2   | Found a staircase to the Swamp.
 21712 | Lair:2   | Noticed a five-headed hydra
 22684 | Lair:2   | Reached XP level 13. HP: 84/98 MP: 18/26
 22758 | Lair:2   | Reached ****** piety under Cheibriados
 23210 | Lair:2   | Found a hole to the Spider Nest.
 23814 | Lair:2   | Reached skill level 10 in Spellcasting
 24608 | Lair:3   | Found a runed translucent gate.
 24608 | Lair:3   | Found a runed translucent gate.
 24608 | Lair:3   | Found a runed translucent gate.
 25109 | Lair:3   | Noticed a minotaur
 25114 | Lair:3   | Noticed Veicad's ghost (journeyman OgCA)
 25359 | Lair:4   | Noticed Snorg
 25378 | Lair:4   | Killed Snorg
 25489 | Lair:4   | Found a large runed translucent door.
 25489 | Lair:4   | Found a large runed translucent door.
 25490 | Lair:4   | Noticed Irudwodgh's ghost (journeyman DsCj)
 25782 | Lair:4   | Reached skill level 10 in Dodging
 27094 | Lair:5   | Entered Level 5 of the Lair of Beasts
 27229 | Lair:4   | Reached skill level 10 in Stealth
 28224 | Lair:5   | Found a runed translucent door.
 28225 | Lair:5   | Noticed an ice dragon
 28305 | Lair:5   | Paralysed by a hornet for 3 turns
 28314 | Lair:5   | Reached skill level 10 in Air Magic
 28314 | Lair:5   | Reached XP level 14. HP: 44/108 MP: 16/28
 28315 | Lair:5   | Reached skill level 10 in Invocations
 30175 | Lair:5   | Found a staircase to the Slime Pits.
 31228 | Lair:5   | Killed from afar by an oklob plant

Illustrated notes

Levels and vault maps discovered:
D:1:      lightli_arrival_maybe_door_vault, layout_loops_ring, serial_shops,
          shop
D:2:      layout_loops_cross, basic_altar, dreamdust_ecumenical_altar_statues
D:3:      layout_loops_ring, portal_sewer_entry_d, uniq_ijyb, uniq_jessica
D:4:      layout_cave_pools, lemuel_coloured_pillars_altar, uniq_pikel,
          uniq_eustachio
D:5:      layout_basic
D:6:      layout_loops_ring, nemelex_spade_bored_becter, corner_web_ring,
          uniq_prince_ribbit1
D:7:      layout_rooms, lightli_temple_of_fire, minmay_temple_entry_poolview,
          minmay_manual_mess
D:8:      lemuel_castle_with_subvaults [lemuel_castle_interior_carwin_3],
          layout_rooms, ebering_ghost_reflecting_pool, lemuel_flamethrower_2,
          uniq_grum
D:9:      layout_basic, marbit_many_paths, nicolae_overflow_crystal_walls,
          erik_lair_island, serial_curves, eino_curves_04, eino_curves_01
D:10:     minmay_clustersquares, layout_basic,
          nicolae_hepliaklqana_monster_ancestors
D:11:     layout_roguey, serial_corexii_hall, chequers_hall_statues_y,
          corexii_hall_statues_i, chequers_hall_statues_wall_a,
          corexii_hall_statues_s, chequers_hall_statues_wall_a,
          chequers_hall_statues_corner_a, uniq_psyche
D:12:     nicolae_cairo_tiling_large, layout_basic, dreamdust_mushroom_princess,
          uniq_nergalle
Temple:   eino_temple_rhombus
Lair:1:   dreamdust_cave_troll, layout_regular_city
Lair:2:   regret_index_bee_streams, layout_loops_ring,
          minmay_swamp_entry_reptiles, dummy_spider_entry
Lair:3:   layout_loops_ring, maelrawn_ghost_gauntlet_escape
Lair:4:   layout_hall_layers, ebering_ghost_disaster_area, roderic_batcave,
          uniq_snorg
Lair:5:   guppyfry_lair_end_dragon, layout_small_grid, wormcave,
          minmay_slime_entry_oklob_open, dpeg_oklob_1

Skill      XL: |  1  2  3  4  5  6  7  8  9 10 11 12 13 14 |
---------------+-------------------------------------------+-----
Conjurations   | 2 3 4 5 6 7 8 |  8.3
Spellcasting   | 5 6 7 8 9 10 | 10.8
Invocations    | 1 2 3 4 5 6 7 8 9 10 | 10.4
Fighting       | 1 2 3 5 6 7 8 9 |  9.5
Short Blades   | 1 2 3 5 6 7 8 9 |  9.5
Long Blades    | 1 2 3 5 6 7 8 9 |  9.5
Axes           | 1 2 3 5 6 7 8 9 |  9.5
Maces & Flails | 1 2 3 5 6 7 8 9 |  9.5
Polearms       | 1 2 3 5 6 7 8 9 |  9.5
Staves         | 1 2 3 5 6 7 8 9 |  9.5
Ranged Weapons | 1 2 3 5 6 7 8 9 |  9.5
Throwing       | 1 2 3 5 6 7 8 9 |  9.5
Armour         | 1 2 3 5 6 7 8 9 |  9.5
Shields        | 1 2 3 5 6 7 8 9 |  9.5
Unarmed Combat | 1 2 3 5 6 7 8 9 |  9.5
Evocations     | 1 2 3 5 6 7 8 9 |  9.5
Hexes          | 1 2 3 4 5 6 7 |  7.9
Summonings     | 1 2 3 4 5 6 7 |  7.9
Necromancy     | 1 2 3 4 5 6 7 |  7.9
Translocations | 1 2 3 4 5 6 7 |  7.9
Transmutations | 1 2 3 4 5 6 7 |  7.9
Ice Magic      | 1 2 3 4 5 6 7 |  7.9
Air Magic      | 1 2 3 4 5 7 8 10 | 10.5
Earth Magic    | 1 2 3 4 5 6 7 |  7.9
Poison Magic   | 1 2 3 4 5 6 7 |  7.9
Dodging        | 5 6 7 8 9 10 | 10.6
Stealth        | 5 6 7 8 9 10 | 10.4
Fire Magic     | 6 7 8 9 |  9.7

Action                     |  1- 3 |  4- 6 |  7- 9 | 10-12 | 13-15 || total
---------------------------+-------+-------+-------+-------+-------++-------
  Melee: Spear             |     7 |       |       |       |       ||     7
         Broad axe         |       |    15 |     7 |       |       ||    22
         Bite              |       |       |     3 |    11 |     9 ||    23
         Great mace        |       |       |    13 |    66 |    37 ||   116
         Unarmed           |       |       |       |    10 |     4 ||    14
   Cast: Foxfire           |    74 |    98 |   130 |   371 |   338 ||  1011
         Scorch            |     3 |    23 |    74 |    89 |    49 ||   238
         Flame Wave        |       |       |     2 |    37 |    43 ||    82
  Evoke: Wand              |       |       |       |    12 |    12 ||    24
         Condenser vane    |       |       |       |     1 |     1 ||     2
    Use: Potion            |       |     6 |     5 |     8 |     7 ||    26
         Scroll            |       |       |    11 |    19 |     7 ||    37
   Stab: Sleeping          |       |     1 |       |       |       ||     1
         Invisible         |       |       |     1 |     1 |       ||     2
         Distracted        |       |       |       |     1 |       ||     1
         Betrayed ally     |       |       |       |     1 |       ||     1
 Armour: Robe              |     5 |    11 |    42 |   130 |       ||   188
         Troll leather arm |       |       |       |   169 |   202 ||   371
  Dodge: Dodged            |    18 |    44 |    94 |   610 |   561 ||  1327
  Block: Other             |       |    12 |    31 |   147 |   134 ||   324
         Reflection        |       |       |       |     3 |       ||     3

Table legend: (Time is in decaauts)
 A = Elapsed time spent in this place.
 B = Non-inter-level travel time spent in this place.
 C = Inter-level travel time spent in this place.
 D = Time resting spent in this place.
 E = Time spent auto-exploring this place.
 F = Levels seen in this place.
 G = Mean time per level.
                   A        B        C        D        E       F      G
               +--------+--------+--------+--------+--------+-----+--------+
         Total |  37490 |  36137 |   1353 |  10115 |  20610 |  19 | 1973.2 |
       Dungeon |  21349 |  20386 |    963 |   5429 |  12034 |  12 | 1779.1 |
        Temple |    206 |    181 |     25 |      0 |    165 |   1 |  206.0 |
          Lair |  15354 |  14990 |    364 |   4371 |   8209 |   5 | 3070.8 |
         Sewer |    579 |    579 |      0 |    315 |    201 |   1 |  579.0 |
               +--------+--------+--------+--------+--------+-----+--------+

Top non-repeatable levels by time:
  Lair:5: 4592 daAuts
     D:8: 3478 daAuts
  Lair:4: 3223 daAuts
  Lair:2: 2989 daAuts
  Lair:1: 2645 daAuts
     D:7: 2338 daAuts
    D:10: 2242 daAuts
     D:9: 2097 daAuts
    D:11: 2060 daAuts
  Lair:3: 1903 daAuts
     D:3: 1710 daAuts
     D:4: 1432 daAuts
     D:6: 1423 daAuts
    D:12: 1219 daAuts
     D:2: 1210 daAuts
